[ PARTIDA AOE2 · #474948679 ]
UnrankedArmenios vs Franks
[ ANÁLISIS DE REPETICIÓN · EXTRAÍDO DE LA PARTIDA GRABADA ]
Feudal
—
Castillos
—
Imperial
—
| APM promedio | 80.3 |
| APM pico | 92 |
| eAPM promedio | 31.1 |
| Aldeanos / militares | 17 / 0 |
Foco
⚔️ 29.0% · 🌾 71.0%
Feudal
—
Castillos
—
Imperial
—
| APM promedio | 83.8 |
| APM pico | 106 |
| eAPM promedio | 21.1 |
| Aldeanos / militares | 24 / 0 |
Foco
⚔️ 42.9% · 🌾 57.1%
Feudal
—
Castillos
—
Imperial
—
| APM promedio | 6.6 |
| APM pico | 36 |
| eAPM promedio | 2.4 |
| Aldeanos / militares | 4 / 0 |
Foco
⚔️ 0.0% · 🌾 100.0%
Feudal
—
Castillos
—
Imperial
—
| APM promedio | 75.7 |
| APM pico | 90 |
| eAPM promedio | 25.0 |
| Aldeanos / militares | 18 / 0 |
Foco
⚔️ 55.3% · 🌾 44.7%
Feudal
—
Castillos
—
Imperial
—
| APM promedio | 1.7 |
| APM pico | 9 |
| eAPM promedio | 1.7 |
| Aldeanos / militares | 0 / 0 |
Feudal
—
Castillos
—
Imperial
—
| APM promedio | 42.3 |
| APM pico | 51 |
| eAPM promedio | 21.1 |
| Aldeanos / militares | 19 / 0 |
Foco
⚔️ 33.6% · 🌾 66.4%
Mapa de la partida
Recursos iniciales + cada clic de construcción. Líneas = muros · curvas = relieve. ◆ oro · ⬟ piedra · ● bayas · ✦ reliquia · ◌ hueco del cierre
Tu base
Base de WackieChan
Base de [VL] Shile Shilaca 8.80
Base de BeardyMan37
Base de Rainguni
Base de TheGoatThief
Terreno inicial suavizado · ◌ = hueco del cierre detectado · pasá el cursor para detalles
Inputs por minuto
— |FMG| Lautreamont - - WackieChan
Build order — |FMG| Lautreamont
22 acciones detectadas en el replay
| 0:03 | Crear | Villager (Male) |
| 0:04 | Crear | Villager (Male) |
| 0:04 | Crear | Villager (Male) |
| 0:04 | Crear | Villager (Male) |
| 0:05 | Construir | House |
| 0:09 | Construir | House |
| 1:33 | Crear | Villager (Male) |
| 1:48 | Construir | Mule Cart |
| 2:07 | Crear | Villager (Male) |
| 2:08 | Crear | Villager (Male) |
| 2:23 | Crear | Villager (Male) |
| 2:48 | Crear | Villager (Male) |
| 2:48 | Crear | Villager (Male) |
| 3:17 | Crear | Villager (Male) |
| 3:19 | Crear | Villager (Male) |
| 3:43 | Crear | Villager (Male) |
| 3:44 | Crear | Villager (Male) |
| 3:57 | Construir | House |
| 4:33 | Construir | House |
| 4:34 | Crear | Villager (Male) |
| 4:34 | Crear | Villager (Male) |
| 5:07 | Crear | Villager (Male) |
Build order — WackieChan
31 acciones detectadas en el replay
| 0:01 | Crear | Villager (Male) |
| 0:01 | Crear | Villager (Male) |
| 0:03 | Construir | House |
| 0:04 | Construir | House |
| 0:06 | Crear | Villager (Male) |
| 0:10 | Crear | Villager (Male) |
| 0:10 | Crear | Villager (Male) |
| 1:33 | Crear | Villager (Male) |
| 1:34 | Crear | Villager (Male) |
| 1:46 | Construir | Lumber Camp |
| 2:02 | Crear | Villager (Male) |
| 2:18 | Crear | Villager (Male) |
| 2:18 | Crear | Villager (Male) |
| 2:50 | Crear | Villager (Male) |
| 2:51 | Crear | Villager (Male) |
| 2:51 | Crear | Villager (Male) |
| 3:08 | Construir | House |
| 3:10 | Construir | House |
| 3:18 | Crear | Villager (Male) |
| 3:19 | Crear | Villager (Male) |
| 3:33 | Construir | House |
| 3:50 | Crear | Villager (Male) |
| 3:50 | Crear | Villager (Male) |
| 4:26 | Crear | Villager (Male) |
| 4:26 | Crear | Villager (Male) |
| 4:26 | Crear | Villager (Male) |
| 4:51 | Construir | Mill |
| 4:58 | Crear | Villager (Male) |
| 4:59 | Crear | Villager (Male) |
| 5:25 | Crear | Villager (Male) |
| 5:26 | Crear | Villager (Male) |
Build order — [VL] Shile Shilaca 8.80
6 acciones detectadas en el replay
| 0:02 | Crear | Villager (Male) |
| 0:05 | Construir | House |
| 0:07 | Construir | House |
| 0:08 | Crear | Villager (Male) |
| 0:10 | Crear | Villager (Male) |
| 0:13 | Crear | Villager (Male) |
Build order — BeardyMan37
20 acciones detectadas en el replay
| 0:00 | Crear | Villager (Male) ×4 |
| 0:02 | Construir | House |
| 0:04 | Construir | House |
| 1:13 | Crear | Villager (Male) |
| 1:49 | Construir | Lumber Camp |
| 1:56 | Crear | Villager (Male) |
| 1:59 | Crear | Villager (Male) |
| 2:22 | Crear | Villager (Male) |
| 3:17 | Crear | Villager (Male) |
| 3:26 | Crear | Villager (Male) |
| 3:37 | Crear | Villager (Male) |
| 3:49 | Construir | Mill |
| 3:56 | Crear | Villager (Male) |
| 4:08 | Crear | Villager (Male) |
| 4:37 | Construir | House |
| 5:00 | Crear | Villager (Male) |
| 5:00 | Crear | Villager (Male) |
| 5:01 | Crear | Villager (Male) |
| 5:22 | Crear | Villager (Male) |
| 5:23 | Crear | Villager (Male) |
Build order — Rainguni
0 acciones detectadas en el replay
Build order — TheGoatThief
26 acciones detectadas en el replay
| 0:01 | Crear | Villager (Male) |
| 0:01 | Crear | Villager (Male) |
| 0:03 | Construir | House |
| 0:04 | Construir | House |
| 0:11 | Crear | Villager (Male) |
| 0:11 | Crear | Villager (Male) |
| 1:27 | Crear | Villager (Male) |
| 2:01 | Crear | Villager (Male) |
| 2:09 | Construir | Lumber Camp |
| 2:23 | Crear | Villager (Male) |
| 2:23 | Crear | Villager (Male) |
| 2:48 | Crear | Villager (Male) |
| 2:49 | Crear | Villager (Male) |
| 3:13 | Crear | Villager (Male) |
| 3:13 | Crear | Villager (Male) |
| 3:17 | Construir | House |
| 3:42 | Crear | Villager (Male) |
| 4:07 | Crear | Villager (Male) |
| 4:07 | Crear | Villager (Male) |
| 4:31 | Crear | Villager (Male) |
| 4:41 | Crear | Villager (Male) |
| 4:41 | Crear | Villager (Male) |
| 4:42 | Crear | Villager (Male) |
| 4:46 | Construir | Mill |
| 5:10 | Construir | House |
| 5:11 | Construir | House |
Cronología de la partida
| 0:01 | Rainguni · resign |
[ ANÁLISIS IA · 1 CRÉDITO ]
¿Qué pasó realmente en esta partida?
Wolo.gg analiza cada decisión: build order, eco, micro, errores típicos por bracket. Análisis personalizado por WhatsApp o Discord en 30 segundos.
Guía civ
Armenios
Perfil
Jugador #973968